 Dungeon Crawl Stone Soup version 0.30.1-9-gdf580d7c3d (webtiles) character file.

Game seed: 12260947162408881135

847 Peloso the Slasher (level 7, -2/61 HPs)
             Began as a Minotaur Fighter on Sept 29, 2023.
             Was a Believer of Okawaru.
             Slain by a gnoll
             ... wielding a +0 flail
             ... led by a gnoll bouda
              (5 damage)
             ... on level 5 of the Dungeon.
             The game lasted 00:07:03 (3675 turns).

Peloso the Slasher (Minotaur Fighter)               Turns: 3675, Time: 00:07:03

Health: -2/61      AC: 18    Str: 21    XL:     7   Next: 68%
Magic:  4/6        EV:  8    Int:  5    God:    Okawaru [**....]
Gold:   1037       SH:  6    Dex: 11    Spells: 6/6 levels left

rFire   . . .        a - +0 long sword
rCold   . . .        c - +0 buckler
rNeg    . . .        e - +0 plate armour
rPois   .            (helmet restricted)
rElec   .            o - +0 cloak
rCorr   +            (no gloves)
SInv    .            r - +0 pair of boots
Will    .....        (no amulet) Stlth
                     u - ring of resist corrosion
HPRegen 0.30/turn    (no ring)
MPRegen 0.10/turn

%: no passive effects
@: heroic, weakened
A: horns 2, retaliatory headbutt
a: Renounce Religion, Heroism


You were on level 5 of the Dungeon.
You worshipped Okawaru.
Okawaru was pleased with you.
You visited 1 branch of the dungeon, and saw 5 of its levels.
You also visited: Sewer.

You collected 1037 gold pieces.

Inventory:

Hand Weapons
 a - a +0 long sword (weapon)
Armour
 b - a +0 scale mail
 c - a +0 buckler (worn)
 e - a +0 plate armour (worn)
 o - a +0 cloak (worn)
 r - a +0 pair of boots (worn)
Jewellery
 u - a ring of resist corrosion (left hand)
Scrolls
 i - 2 scrolls of noise {unknown}
 j - 2 scrolls of fog {unknown}
 k - 2 scrolls of magic mapping {unknown}
 m - 3 scrolls of teleportation
 q - 2 scrolls of identify
 s - a scroll of poison {unknown}
 t - a scroll of enchant weapon {unknown}
 v - a scroll of vulnerability {unknown}
 x - a scroll of acquirement
Potions
 d - 4 potions of flight
 f - 2 potions of degeneration
 g - a potion of berserk rage
 h - a potion of curing
 l - a potion of resistance {unknown}
 n - 2 potions of invisibility {unknown}
 p - a potion of heal wounds {unknown}
 w - a potion of attraction {unknown}
 z - a potion of brilliance {unknown}


   Skills:
 + Level 5.5(10.5) Fighting
 + Level 7.6(12.6) Long Blades
 + Level 6.2(11.2) Armour
 + Level 1.1(6.1) Dodging
 + Level 4.8(9.8) Shields


You had 6 spell levels left.
You didn't know any spells.
Your spell library contained the following spells:

 Spells                   Type           Power      Damage    Failure   Level
 Poisonous Vapours        Pois/Air       0%         N/A       100%        2
 Sublimation of Blood     Necr           0%         N/A       100%        2
 Wereblood                Tmut           0%         N/A       100%        2
 Mephitic Cloud           Conj/Pois/Air  0%         N/A       100%        3
 Volatile Blastmotes      Fire/Tloc      0%         2d10      100%        3
 Fulminant Prism          Conj/Hex       0%         3d5       100%        4
 Iskenderun's Mystic Bla  Conj/Tloc      0%         2d3       100%        4
 Freezing Cloud           Conj/Ice/Air   0%         6-21      100%        5
 Lee's Rapid Deconstruct  Erth           0%         3d4*      100%        5
 Summon Hydra             Summ           Unusable   N/A       N/A         7

Dungeon Overview and Level Annotations

Branches:
Dungeon (5/15)             Temple (0/1) D:5           Sewer (visited)

Altars:
Elyvilon
Hepliaklqana
Okawaru
Vehumet

Shops:
D:4 [


Innate Abilities, Weirdness & Mutations

You have a pair of horns on your head.
You reflexively headbutt those who attack you in melee.


Message History

You completely miss the gnoll. You headbutt the gnoll.
You kill the gnoll!
Okawaru accepts your kill. The gnoll closely misses you.
You block the gnoll's attack. The gnoll hits you but does no damage.
Unknown command.
You hit the gnoll bouda. You headbutt the gnoll bouda.
The gnoll bouda is moderately wounded.
The gnoll barely misses you. You furiously retaliate!
You headbutt the gnoll. The gnoll hits you but does no damage.
The gnoll bouda gazes fiercely through you!
You feel your attacks grow feeble.
The gnoll bouda hits you with a +0 club.
* * * LOW HITPOINT WARNING * * *
The gnoll hits you but does no damage.
You gain the combat prowess of a mighty hero.
The gnoll hits you but does no damage. x2; You block the gnoll's attack.
The gnoll bouda hits you but does no damage.
You hit the gnoll bouda but do no damage.
The gnoll bouda is moderately wounded.
You block the gnoll's attack. x2; The gnoll hits you but does no damage.
The gnoll bouda barely misses you. You furiously retaliate!
You headbutt the gnoll bouda!
Unknown command.
You hit the gnoll bouda but do no damage.
Your headbutt misses the gnoll bouda.
The gnoll bouda is almost dead.
The gnoll closely misses you. You furiously retaliate!
You headbutt the gnoll. The gnoll hits you with a +0 club.
* * * LOW HITPOINT WARNING * * *
The gnoll hits you from afar with a +0 halberd.
* * * LOW HITPOINT WARNING * * *
You block the gnoll bouda's attack.
You barely miss the gnoll bouda.
The gnoll bouda is almost dead.
The gnoll hits you but does no damage.
The gnoll hits you from afar with a +0 halberd!
* * * LOW HITPOINT WARNING * * *
The gnoll hits you with a +0 flail.
You die...

#.(..####...###...#####
#.................'....
##................#....
#.................#....
#.................#....
#.................#....
#.................#....
######†###g####.########...
####..#.....#@####.# #...
#.....#.....#ggg'.... #...
#.....#.....#)..#.... #...
#.....#.<...#...# .. #...
#.....#.....#...# #...
#.....'.....#...# #...
#######.....##### ####
#######


You could see a gnoll bouda and 3 gnolls.

Vanquished Creatures
  2 ogres (D:5)
  A bullfrog (D:4)
  A scorpion (D:5)
  A jelly (D:5)
  3 hounds
  An orc priest (D:5)
  2 iguanas
  2 orc wizards
  A malarious merfolk avatar (Sewer)
  A sickly merfolk siren (Sewer)
  6 gnolls
  7 adders
  3 river rats (Sewer)
  A dart slug (D:2)
  6 orcs
  5 bats
  8 endoplasms
  4 giant cockroaches
  4 goblins
  5 hobgoblins
  9 jackals
  10 kobolds
  2 quokkas (Sewer)
  7 ball pythons
  9 frilled lizards
  27 rats
128 creatures vanquished.

Notes
Turn   | Place    | Note
-------+----------+-------------------------------------------
     0 | D:1      | Peloso the Minotaur Fighter began the quest for the Orb.
     0 | D:1      | Reached XP level 1. HP: 19/19 MP: 0/0
   229 | D:1      | Reached XP level 2. HP: 27/27 MP: 1/1
   525 | D:1      | Identified a scroll of acquirement
   525 | D:1      | Acquired 807 gold pieces
   619 | D:2      | Found an iron altar of Okawaru.
   676 | D:2      | Became a worshipper of Warmaster Okawaru
   751 | D:2      | Reached XP level 3. HP: 32/33 MP: 2/2
   882 | D:2      | Reached skill level 3 in Long Blades
   996 | D:2      | HP: 1/33 [gnoll/+0 spear (3)]
  1006 | D:2      | Reached XP level 4. HP: 8/40 MP: 3/3
  1431 | D:3      | Found a white marble altar of Elyvilon.
  1497 | D:3      | Reached skill level 1 in Dodging
  1575 | D:3      | Reached skill level 4 in Long Blades
  1737 | D:3      | Found a glowing drain.
  1746 | Sewer    | Entered a sewer
  1759 | Sewer    | Reached XP level 5. HP: 47/47 MP: 4/4
  1867 | Sewer    | Reached skill level 5 in Armour
  2012 | Sewer    | Reached * piety under Okawaru
  2013 | Sewer    | Reached skill level 5 in Long Blades
  2233 | D:3      | Found a radiant altar of Vehumet.
  2409 | D:3      | Reached XP level 6. HP: 44/53 MP: 5/5
  2657 | D:4      | Found Kucoat's Armour Emporium.
  3040 | D:4      | Found a hazy altar of Hepliaklqana.
  3060 | D:5      | Entered Level 5 of the Dungeon
  3102 | D:5      | Reached skill level 5 in Fighting
  3102 | D:5      | Reached skill level 6 in Long Blades
  3247 | D:5      | Reached XP level 7. HP: 61/61 MP: 6/6
  3251 | D:5      | Found a staircase to the Ecumenical Temple.
  3514 | D:5      | Reached skill level 7 in Long Blades
  3541 | D:5      | Reached ** piety under Okawaru
  3675 | D:5      | HP: 3/61 [gnoll/+0 halberd[a gnoll bouda] (9)]
  3675 | D:5      | Slain by a gnoll

Illustrated notes

Levels and vault maps discovered:
D:1:      lightli_arrival_quake, layout_basic, supply_closet_lemuel,
          minmay_crystal_room
D:2:      layout_loops_ring, basic_altar
D:3:      layout_rooms, nicolae_vehumet_altar_sigil, elyvilon_altar_5,
          cheibrodos_sewer_entry_drain, minmay_door_square
D:4:      layout_basic, kennysheep_little_box, serial_shops, shop,
          minmay_box_of_dots
D:5:      layout_gridville, minmay_temple_entry_gardened_gates, uniq_duvessa

Skill      XL: |  1  2  3  4  5  6  7 |
---------------+----------------------+-----
Armour         | 4 5 6 |  6.2
Shields        | 4 |  4.8
Fighting       | 4 5 |  5.5
Long Blades    | 3 4 5 6 7 |  7.6
Dodging        | 1 |  1.1

Action                     |  1- 3 |  4- 6 |  7- 9 || total
---------------------------+-------+-------+-------++-------
  Melee: Long sword        |    86 |   248 |    51 ||   385
         Headbutt          |    10 |    39 |    10 ||    59
 Invoke: Heroism           |       |       |     1 ||     1
    Use: Scroll            |     2 |       |       ||     2
         Potion            |     3 |     1 |       ||     4
 Armour: Scale mail        |    46 |       |       ||    46
         Plate armour      |       |   179 |    32 ||   211
  Dodge: Dodged            |    47 |    74 |    14 ||   135
  Block: Buckler           |    35 |    45 |    21 ||   101
